 Dungeon Crawl Stone Soup version 0.31-a0-40-g1d5085d191 (webtiles) character file.

Game seed: 16355484666214646231

50 vineage the Trooper (level 3, -3/30 HPs)
             Began as a Merfolk Fighter on May 17, 2023.
             Killed by nerve-wracking pain
             ... invoked by Jessica
              (7 damage)
             ... on level 2 of the Dungeon.
             The game lasted 00:01:17 (1073 turns).

vineage the Trooper (Merfolk Fighter)               Turns: 1073, Time: 00:01:18

Health: -3/30      AC:  6    Str: 18    XL:     3   Next: 79%
Magic:  3/3        EV:  9    Int:  7    God:
Gold:   57         SH:  4    Dex: 13    Spells: 2/2 levels left

rFire   . . .        a - +0 trident
rCold   . . .        c - +0 buckler
rNeg    . . .        b - +0 scale mail
rPois   .            (no helmet)
rElec   .            (no cloak)
rCorr   .            (no gloves)
SInv    .            (no boots)
Will    .....        (no amulet) Stlth
                     (no ring)
HPRegen 0.25/turn    (no ring)
MPRegen 0.08/turn

%: no passive effects
@: mighty, about to teleport
A: (nimble swimmer 2), mertail
a: no special abilities


You were on level 2 of the Dungeon.
You visited 1 branch of the dungeon, and saw 2 of its levels.

You collected 57 gold pieces.

Inventory:

Hand Weapons
 a - a +0 trident (weapon)
Armour
 b - a +0 scale mail (worn)
 c - a +0 buckler (worn)
Scrolls
 h - a scroll of fog {unknown}
 i - a scroll of identify {unknown}
 j - a scroll of amnesia {unknown}
Potions
 e - a potion of attraction {unknown}
 g - a potion of berserk rage {unknown}
 k - a potion of magic {unknown}


   Skills:
 * Level 4.0 Fighting
 * Level 3.6 Polearms
 + Level 2.4 Armour
 + Level 3.3 Shields


You had 2 spell levels left.
You didn't know any spells.
Your spell library was empty.

Dungeon Overview and Level Annotations

Branches:
Dungeon (2/15)

Altars:

Annotations:
D:2 Jessica


Innate Abilities, Weirdness & Mutations

((You are very nimble when in or above water. (Stealth+, EV+, Speed+++)))
Your lower body shifts to a powerful aquatic tail in water.


Message History

Jessica is lightly wounded.
Jessica barely misses you.
You closely miss Jessica.
Jessica is lightly wounded.
The hobgoblin hits you but does no damage.
Jessica gestures wildly while chanting.
Jessica seems to speed up.
You closely miss Jessica.
Jessica is lightly wounded.
Jessica hits you but does no damage. The hobgoblin hits you.
Jessica hits you but does no damage.
You are too injured to fight recklessly!
You are too injured to fight recklessly!
You are too injured to fight recklessly!
You are too injured to fight recklessly!
You are too injured to fight recklessly!
You are too injured to fight recklessly!
You are too injured to fight recklessly!
You are too injured to fight recklessly!
You are too injured to fight recklessly!
You are too injured to fight recklessly!
You are too injured to fight recklessly!
You are too injured to fight recklessly!
As you read the scroll labelled QIMYIJ CEUVIA, it crumbles to dust.
You feel strangely unstable.
It was a scroll of teleportation.
Jessica gestures at you while chanting. Pain shoots through your body!
* * * LOW HITPOINT WARNING * * *
The hobgoblin hits you but does no damage.
You feel very mighty all of a sudden. Jessica gestures at you while chanting.
You barely resist. The hobgoblin hits you.
* * * LOW HITPOINT WARNING * * *
Jessica misses you.
You hit Jessica.
Jessica is severely wounded.
Jessica gestures wildly.
Jessica gestures at you while chanting. Pain shoots through your body!
You die...

.#..............##.#..
......#.....##...###....
...............#........
........#.##..#...#.....
......#.#.#))....##....†
......#.....>....#......
............####........
............# .........
......g@#.#...#.#.......
..<...#@K....... ...[...
...........###.# .....##
............. ... .##
..###..........## ... .
#......!### .##
#........ #....?##..


You could see Jessica (fast), a hobgoblin and a kobold.

Vanquished Creatures
  2 adders (D:2)
  A worm (D:2)
  2 ball pythons (D:2)
  4 bats
  4 endoplasms (D:1)
  A giant cockroach (D:2)
  2 goblins
  3 hobgoblins
  A quokka (D:1)
  3 frilled lizards (D:2)
  5 kobolds
28 creatures vanquished.

Notes
Turn   | Place    | Note
-------+----------+-------------------------------------------
     0 | D:1      | vineage the Merfolk Fighter began the quest for the Orb.
     0 | D:1      | Reached XP level 1. HP: 18/18 MP: 1/1
   263 | D:1      | Found a faded altar of an unknown god.
   680 | D:1      | Reached XP level 2. HP: 24/24 MP: 2/2
   928 | D:2      | Reached XP level 3. HP: 26/30 MP: 3/3
  1032 | D:2      | Reached skill level 4 in Fighting
  1062 | D:2      | Noticed Jessica
  1073 | D:2      | Killed from afar by Jessica

Illustrated notes

Levels and vault maps discovered:
D:1:      dpeg_arrival_rhombi, layout_basic,
          hellmonk_ecumenical_altar_inner_sanctum, roderic_three_in_a_row
D:2:      layout_rooms, grunt_ministairs_4, uniq_crazy_yiuf_cottage,
          uniq_jessica, uniq_robin

Skill      XL: |  1  2  3 |
---------------+----------+-----
Polearms       | 3 |  3.6
Fighting       | 4 |  4.0
Armour         | |  2.4
Shields        | |  3.3

Action                     || total
---------------------------++-------
  Melee: Trident           ||   100
    Use: Scroll            ||     1
         Potion            ||     1
 Armour: Scale mail        ||    44
  Dodge: Dodged            ||    36
  Block: Buckler           ||    15

Table legend: (Time is in decaauts)
 A = Elapsed time spent in this place.
 B = Non-inter-level travel time spent in this place.
 C = Inter-level travel time spent in this place.
 D = Time resting spent in this place.
 E = Time spent auto-exploring this place.
 F = Levels seen in this place.
 G = Mean time per level.
                   A        B        C        D        E       F      G
               +--------+--------+--------+--------+--------+-----+--------+
         Total |   1090 |    956 |    134 |      0 |    764 |   2 |  545.0 |
       Dungeon |   1090 |    956 |    134 |      0 |    764 |   2 |  545.0 |
               +--------+--------+--------+--------+--------+-----+--------+

Top non-repeatable levels by time:
     D:1: 904 daAuts
     D:2: 185 daAuts
